 Dungeon Crawl Stone Soup version 0.30-a0-341-g682706514a (webtiles) character file.

Game seed: 17283442190213307471

9108 ytrimaz the Cleaver (level 11, 0/95 HPs)
             Began as a Formicid Fighter on Nov 2, 2022.
             Was a High Priest of Okawaru.
             Slain by a two-headed ogre
             ... wielding a +0 giant club
              (17 damage)
             ... on level 11 of the Dungeon.
             The game lasted 00:11:34 (10633 turns).

ytrimaz the Cleaver (Formicid Fighter)             Turns: 10633, Time: 00:11:35

Health: 0/95       AC: 12    Str: 37    XL:     11   Next: 68%
Magic:  11/11      EV: 10    Int:  8    God:    Okawaru [*****.]
Gold:   1588       SH:  5    Dex: 13    Spells: 10/10 levels left

rFire   . . .      SeeInvis +    h - +0 broad axe
rCold   . . .      Faith    .    c - +0 buckler
rNeg    . . .      Spirit   .    w - +0 swamp dragon scales
rPois   +          Reflect  .    (helmet unavailable)
rElec   .          Harm     .    n - +0 cloak
rCorr   .          Rampage  .    (no gloves)
Will    +....                    y - +2 pair of boots {Fly}
Stlth   +.........               l - amulet of the acrobat
HPRegen 0.35/turn                D - +6 ring of strength
MPRegen 0.12/turn                t - +6 ring of strength

@: flying
A: permanent stasis, dig shafts and tunnels, antennae 3, four strong arms,
hooves 1, mutation resistance 1
a: Dig, Shaft Self, Renounce Religion, Heroism, Finesse, Duel


You were on level 11 of the Dungeon.
You worshipped Okawaru.
Okawaru was extremely pleased with you.
You visited 2 branches of the dungeon, and saw 14 of its levels.
You also visited: Bailey.

You collected 1588 gold pieces.


Innate Abilities, Weirdness & Mutations

You cannot be hasted, slowed, berserked, paralysed or teleported.
You can dig through walls and to a lower floor.
You have a pair of large antennae on your head. (SInv)
Your four strong arms can wield two-handed weapons with a shield.
You have large cloven feet.
You are somewhat resistant to further mutation.


   Skills:
 - Level 12.0 Fighting
 + Level 14.0 Axes
 - Level 3.2 Armour
 - Level 4.0 Shields


You had 10 spell levels left.
You didn't know any spells.
Your spell library contained the following spells:

 Spells                   Type           Power      Damage    Failure   Level
 Sandblast                Erth           0%         2d4       56%         1
 Passwall                 Tmut/Erth      0%         N/A       71%         2
 Sublimation of Blood     Necr           0%         N/A       71%         2
 Wereblood                Tmut           0%         N/A       71%         2
 Stone Arrow              Conj/Erth      0%         3d7       91%         3
 Summon Small Mammal      Summ           Unusable   N/A       N/A         1
 Call Canine Familiar     Summ           Unusable   N/A       N/A         3
 Summon Guardian Golem    Hex/Summ       Unusable   N/A       N/A         3
 Summon Hydra             Summ           Unusable   N/A       N/A         7

Inventory:

Hand Weapons
 a - a +0 war axe
 h - a +0 broad axe (weapon)
   (You took it off an orc warrior in a bailey)
 x - a +2 hand axe of freezing
   (You took it off an orc on level 8 of the Dungeon)
Missiles
 b - 20 boomerangs (quivered)
 o - 6 silver boomerangs
 B - 3 boomerangs of dispersal
Armour
 c - a +0 buckler (worn)
 n - a +0 cloak (worn)
   (You found it on level 3 of the Dungeon)
 w - +0 swamp dragon scales (worn)
   (You took it off Maggie on level 7 of the Dungeon)
 y - a +2 pair of boots of flying (worn)
   (You found it in a bailey)
Jewellery
 d - an amulet of guardian spirit
   (You found it on level 6 of the Dungeon)
 j - a ring of ice
   (You found it on level 1 of the Dungeon)
 l - an amulet of the acrobat (around neck)
   (You took it off a hobgoblin on level 2 of the Dungeon)
 m - a +6 ring of dexterity
   (You found it on level 3 of the Dungeon)
 t - a +6 ring of strength (right hand)
   (You found it on level 7 of the Dungeon)
 v - a ring of willpower
   (You found it on level 7 of the Dungeon)
 D - a +6 ring of strength (left hand)
   (You took it off an orc wizard on level 8 of the Dungeon)
 G - the ring "Ystruv" {Wiz rPois rF+}
   (You found it on level 10 of the Dungeon)

   [ring of wizardry]

   It improves your spell success rate.
   rF:        It protects you from fire.
   rPois:     It protects you from poison.
 I - an amulet of faith
   (You found it on level 11 of the Dungeon)
Wands
 s - a wand of digging (3)
   (You found it on level 6 of the Dungeon)
 z - a wand of flame (29)
   (You found it in a bailey)
 A - a wand of iceblast (8)
   (You found it on level 7 of the Dungeon)
Scrolls
 i - 2 scrolls of vulnerability
 q - 2 scrolls of amnesia
 u - a scroll of enchant weapon
 C - a scroll of immolation
 E - 4 scrolls of identify
 F - a scroll of fog
Potions
 e - 3 potions of mutation
 f - 4 potions of attraction
 g - 5 potions of curing
 k - 7 potions of brilliance
 p - 8 potions of flight
 r - a potion of haste
 H - a potion of invisibility {unknown}

Dungeon Overview and Level Annotations

Branches:
Dungeon (13/15) Zot: 26779  Temple (1/1) D:5 Zot: 5744    Lair (0/5) D:9
    Orc (0/2) D:9          Bailey (visited)
 Vaults: D:13-14

Altars:
Ashenzari
Cheibriados
Dithmenos
Elyvilon
Fedhas
Gozag
Hepliaklqana
Kikubaaqudgha
Makhleb
Nemelex Xobeh
Okawaru
Qazlal
Ru
Sif Muna
Trog
Uskayaw
Vehumet
Wu Jian
Xom
Yredelemnul
Zin
The Shining One

Annotations:
D:4 1 runed translucent door, Crazy Yiuf

....... #........###. .......
.###........... {{ .......
...#[$.zz...... ........
...#......# ...
{........##..........###.. #
....................###... ##
...# #................###...
.#####.(# #.O†#######..###....
..##>#..#.[. ###@†# ####...###...
...#......######.####......>.##..
...#.#...##.#.#...##..........#.#
...#.##...#..............###....#
####))##.....<..........####...##
.......##.................#......
<...♣...+....................#...
.......##..............<.........
####..##.......................#.


You could see a two-headed ogre.


Message History

😕 HP[-7]
You take 7 damage, and now have 83/95 hp.
You slash the yak! x2; The yak gores you but does no damage.
A two-headed ogre comes into view. It is wielding two +0 giant clubs.
The yak gores you. The yak gores you but does no damage.
You block the yak's attack. x2
You see here a yak corpse. 😕 HP[-4]
You take 4 damage, and now have 79/95 hp.
Unknown command.
The yak barely misses you. The yak attacks as you move away!
The yak completely misses you. The yak attacks as you move away!
The yak barely misses you. The yak completely misses you.
You fail to use your ability.
The yak barely misses you. You block the yak's attack. 😕 HP[+1]
You slash the yak! You closely miss the yak. You hit the yak.
You slash the yak! The yak gores you but does no damage. The yak misses you.
You slice the yak!!
You kill the yak!
Okawaru accepts your kill.
You hit the yak.
You kill the yak!
Okawaru accepts your kill.
You open the yak like a pillowcase!!!
You kill the yak!
Okawaru accepts your kill. 😕 HP[+1] MP[+1]
You feel like a meek peon again. The yak completely misses you.
You barely miss the yak. You closely miss the yak. The yak barely misses you.
The yak closely misses you.
Unknown command.
You hit the yak. You slash the yak! The yak gores you.
The yak barely misses you. 😕 HP[-4]
You take 4 damage, and now have 77/95 hp.
You slice the yak!! You hit the yak. The yak gores you but does no damage.
The yak gores you! 😮 HP[-9]
You take 9 damage, and now have 68/95 hp.
You hit the yak. You slice the yak!!
You kill the yak!
Okawaru accepts your kill. The yak barely misses you.
Your Axes skill increases to level 14!
You are too injured to fight recklessly!
Unknown command.
You slash the yak! You slash the two-headed ogre! You block the yak's attack.
The two-headed ogre barely misses you.
The two-headed ogre hits you with a +0 giant club. 😮 HP[-4]
You take 4 damage, and now have 64/95 hp.
You are too injured to fight recklessly!
Unknown command.
You are too injured to fight recklessly!
You barely miss the two-headed ogre. You slash the yak!
The yak gores you. 😮 HP[-2]
You take 2 damage, and now have 62/95 hp.
Unknown command.
You are too injured to fight recklessly!
You slice the two-headed ogre!! You slash the yak!
You kill the yak!
Okawaru accepts your kill. The two-headed ogre barely misses you.
The two-headed ogre hits you with a +0 giant club! 😮 HP[-12] MP[+1]
You take 12 damage, and now have 50/95 hp.
Your mp is fully restored (11).
You hit the two-headed ogre but do no damage.
The two-headed ogre hits you with a +0 giant club!!
* * * LOW HITPOINT WARNING * * *
You block the two-headed ogre's attack. 😨 HP[-21]
You take 21 damage, and now have 29/95 hp.
MASSIVE DAMAGE!! (PAUSE)
You hit the two-headed ogre. You slash the two-headed ogre!
The two-headed ogre hits you with a +0 giant club.
* * * LOW HITPOINT WARNING * * *
The two-headed ogre hits you with a +0 giant club.
* * * LOW HITPOINT WARNING * * *
😱 HP[-12]
You take 12 damage, and now have 17/95 hp.
You hit the two-headed ogre.
The two-headed ogre hits you but does no damage.
The two-headed ogre hits you with a +0 giant club!
* * * LOW HITPOINT WARNING * * *
Unknown command. 😱 HP[-15]
You take 15 damage, and now have 2/95 hp.
You barely miss the two-headed ogre.
Unknown command.
You feel much better.
The two-headed ogre hits you with a +0 giant club!
* * * LOW HITPOINT WARNING * * *
The two-headed ogre hits you with a +0 giant club!
You die...

Skill      XL: |  1  2  3  4  5  6  7  8  9 10 11 |
---------------+----------------------------------+-----
Fighting       | 4 5 6 7 8 10 12 | 12.0
Axes           | 3 4 5 6 7 9 11 14 | 14.0
Armour         | |  3.2
Shields        | |  4.0

Action                   |  1- 3 |  4- 6 |  7- 9 | 10-12 || total
-------------------------+-------+-------+-------+-------++-------
Melee: War axe           |    78 |   162 |   211 |       ||   451
       Kick              |       |       |    66 |       ||    66
       Broad axe         |       |       |    48 |   227 ||   275
Throw: Boomerang         |       |       |    11 |       ||    11
Invok: Heroism           |       |       |     5 |     6 ||    11
       Finesse           |       |       |       |     1 ||     1
 Abil: Shaft Self        |       |       |       |     1 ||     1
  Use: Scroll            |     2 |     4 |     9 |       ||    15
       Potion            |       |     1 |     5 |     1 ||     7
Armor: Scale mail        |    62 |    75 |    72 |       ||   209
       Swamp dragon scal |       |       |    41 |    94 ||   135
Dodge: Dodged            |    45 |   105 |   139 |   156 ||   445
Block: Buckler           |    24 |    40 |    81 |    65 ||   210

Levels and vault maps discovered:
D:1:      scummos_arrival_simple_fountains, layout_basic
D:2:      layout_loops_ring, basic_altar, feat_on_display
D:3:      layout_basic, lemuel_crystal_altar,
          ebering_ecumenical_altar_abandoned, minmay_lizard_king, uniq_sigmund
D:4:      layout_gridville, uniq_crazy_yiuf_cottage
D:5:      layout_loops_ring, minmay_temple_entry_grid, serial_bayou_pond_c,
          uniq_menkaure
D:6:      layout_cave_pools, kennysheep_mini_moat, minmay_crossroads
D:7:      layout_cave_pools, enter_bailey_2, minmay_misc_feat_five, uniq_maggie
D:8:      layout_basic, lemuel_doored_altar, nicolae_wu_jian_wuxing_cycle
D:9:      layout_stronghold, hellmonk_lair_entry_icy, orc_0_dummy
D:10:     layout_cave_pools, regret_index_temple_of_mockery
D:11:     layout_cave_pools, minmay_misc_feat_rugged, minivault_25,
          grunt_ministairs_14, minmay_holes, lemuel_zombie_altar_yredelemnul
D:12:     layout_small_grid, chequers_serial_rivers_micro_e,
          chequers_serial_rivers_small_b, hangedman_decor_lopped
D:13:     layout_roguey
Temple:   nicolae_temple_slightly_damp_pantheon

Notes
Turn   | Place    | Note
-------+----------+-------------------------------------------
     0 | D:1      | ytrimaz the Formicid Fighter began the quest for the Orb.
     0 | D:1      | Reached XP level 1. HP: 18/18 MP: 1/1
     0 | D:1      | magus.rc [v1.9.6]
   139 | D:1      | You pick up a book of Callings and begin reading...
   139 | D:1      | You add the spells Summon Small Mammal, Call Canine
                  | Familiar and Summon Guardian Golem to your library.
   157 | D:1      | Reached XP level 2. HP: 24/24 MP: 2/2
   485 | D:1      | Reached XP level 3. HP: 30/30 MP: 3/3
   847 | D:2      | Reached skill level 4 in Fighting
   901 | D:2      | Reached skill level 3 in Axes
  1034 | D:2      | Reached XP level 4. HP: 37/37 MP: 4/4
  1224 | D:2      | Found a snail-covered altar of Cheibriados.
  1686 | D:3      | You pick up a book of Geomancy and begin reading...
  1686 | D:3      | You add the spells Sandblast, Passwall and Stone Arrow to
                  | your library.
  1782 | D:3      | Reached XP level 5. HP: 43/43 MP: 5/5
  1807 | D:3      | Found a glowing silver altar of Zin.
  1859 | D:3      | You pick up a book of Blood and begin reading...
  1859 | D:3      | You add the spells Sublimation of Blood, Wereblood and
                  | Summon Hydra to your library.
  1974 | D:3      | Noticed Sigmund
  1990 | D:3      | Killed Sigmund
  1991 | D:3      | Reached skill level 5 in Fighting
  1991 | D:3      | Reached skill level 4 in Axes
  1991 | D:3      | Reached XP level 6. HP: 44/52 MP: 6/6
  2021 | D:3      | Found a faded altar of an unknown god.
  3238 | D:4      | Reached skill level 6 in Fighting
  3342 | D:4      | Reached skill level 5 in Axes
  3342 | D:4      | Reached XP level 7. HP: 56/58 MP: 7/7
  3435 | D:4      | Found a runed translucent door.
  3436 | D:4      | Noticed Crazy Yiuf
  3469 | D:5      | Entered Level 5 of the Dungeon
  3584 | D:5      | Gained mutation: You are somewhat resistant to further
                  | mutation. [potion of mutation]
  3584 | D:5      | Gained mutation: You have large cloven feet. [potion of
                  | mutation]
  3729 | D:5      | Found a staircase to the Ecumenical Temple.
  3767 | Temple   | Entered the Ecumenical Temple
  4009 | Temple   | Became a worshipper of Warmaster Okawaru
  4137 | D:5      | Noticed Menkaure
  4138 | D:5      | magus.rc [v1.9.6]
  4142 | D:5      | Killed Menkaure
  4143 | D:5      | Reached skill level 7 in Fighting
  4143 | D:5      | Reached skill level 6 in Axes
  4143 | D:5      | Reached XP level 8. HP: 25/67 MP: 8/8
  4438 | D:5      | HP: 17/68 [poisoned by a water moccasin]
  4992 | D:6      | HP: 17/68 [ogre/+0 giant club (11)]
  4997 | D:6      | HP: 6/68 [ogre/+0 giant club (21)]
  4998 | D:6      | Reached * piety under Okawaru
  4999 | D:6      | Reached skill level 8 in Fighting
  4999 | D:6      | Reached skill level 7 in Axes
  5497 | D:6      | Reached ** piety under Okawaru
  5498 | D:6      | Reached XP level 9. HP: 30/75 MP: 9/9
  5502 | D:6      | HP: 13/75 [black bear (6)]
  5732 | D:6      | Found a snail-covered altar of Cheibriados.
  5814 | D:6      | Reached skill level 9 in Fighting
  5925 | D:7      | Reached skill level 8 in Axes
  5947 | D:7      | Noticed Maggie
  5971 | D:7      | Killed Maggie
  6168 | D:7      | HP: 17/78 [steam dragon] (7)]
  6168 | D:7      | HP: 8/78 [steam dragon (9)]
  6171 | D:7      | HP: 2/78 [something (4)]
  6326 | D:7      | Found a flagged portal.
  6350 | Bailey   | Entered a bailey
  6511 | Bailey   | Reached skill level 10 in Fighting
  6548 | Bailey   | Reached skill level 9 in Axes
  6550 | Bailey   | HP: 15/78 [orc warrior/+0 broad axe (10)]
  6578 | Bailey   | HP: 17/78 [kobold/+3 vorpal trident (4)]
  7260 | D:8      | Identified the +2 leather armour of the Caustic God {Str+3}
  7320 | D:8      | Reached *** piety under Okawaru
  7321 | D:8      | Reached XP level 10. HP: 58/86 MP: 7/10
  7491 | D:8      | Found a stormy altar of Qazlal.
  7621 | D:8      | Found an ornate altar of the Wu Jian Council.
  7758 | D:8      | Reached skill level 11 in Fighting
  7904 | D:9      | Noticed a rime drake
  7908 | D:9      | Reached skill level 10 in Axes
  7914 | D:9      | Killed a rime drake
  8068 | D:9      | Found a staircase to the Orcish Mines.
  8150 | D:9      | Reached **** piety under Okawaru
  8430 | D:9      | Noticed a two-headed ogre
  8435 | D:9      | Killed a two-headed ogre
  8436 | D:9      | Reached skill level 12 in Fighting
  8436 | D:9      | Reached skill level 11 in Axes
  8800 | D:9      | Found a staircase to the Lair.
  9090 | D:10     | Entered Level 10 of the Dungeon
  9104 | D:10     | Reached XP level 11. HP: 69/95 MP: 8/11
  9105 | D:10     | Reached ***** piety under Okawaru
  9106 | D:10     | Reached skill level 12 in Axes
  9373 | D:10     | Identified the ring "Ystruv" {Wiz rPois rF+}
  9594 | D:10     | Reached skill level 13 in Axes
  9708 | D:10     | Found a shimmering altar of Xom.
  9709 | D:10     | Found a hazy altar of Hepliaklqana.
 10053 | D:11     | Noticed a skeletal warrior
 10055 | D:11     | Noticed a skeletal warrior
 10066 | D:11     | HP: 22/95 [skeletal warrior/+1 long sword (15)]
 10067 | D:11     | HP: 1/95 [skeletal warrior/+1 long sword (21)]
 10068 | D:11     | You are sucked into a shaft and drop 2 floors!
 10411 | D:12     | Noticed a skeletal warrior
 10411 | D:12     | Noticed a skeletal warrior
 10412 | D:12     | Noticed a skeletal warrior
 10611 | D:11     | Noticed a two-headed ogre
 10625 | D:11     | Reached skill level 14 in Axes
 10630 | D:11     | HP: 23/95 [two-headed ogre/+0 giant club (6)]
 10631 | D:11     | HP: 2/95 [two-headed ogre/+0 giant club (16)]
 10633 | D:11     | Slain by a two-headed ogre

Vanquished Creatures
  A two-headed ogre (D:9)
  Maggie (D:7)
  A gargoyle (D:10)
  A rime drake (D:9)
  2 trolls (D:11)
  A shadow (D:10)
  A wraith (D:11)
  Sigmund (D:3)
  10 yaks
  4 steam dragons
  4 vampire mosquitoes (D:10)
  Menkaure (D:5)
  A water moccasin (D:5)
  2 acid dragons (D:11)
  4 ice beasts
  9 orc warriors
  A black bear (D:6)
  2 wolves (D:9)
  4 centaurs
  2 ogres (D:6)
  3 kobold brigands
  2 bullfrogs
  A necrophage (D:8)
  4 wights (D:9)
  3 scorpions
  3 killer bees (D:9)
  6 howler monkeys
  A jelly (D:6)
  5 hounds
  2 orc priests
  3 iguanas
  10 orc wizards
  A gnoll (Bailey)
  6 adders
  A shadow imp (D:7)
  2 white imps
  2 ufetubi (D:4)
  2 worms (D:2)
  4 dart slugs
  35 orcs
  8 endoplasms
  3 giant cockroaches
  12 goblins
  9 hobgoblins
  4 jackals (D:2)
  5 quokkas
  8 ball pythons
  6 bats
  10 frilled lizards
  31 kobolds
  3 rats
248 creatures vanquished.

Vanquished Creatures (others)
  11 plants
11 creatures vanquished.

Grand Total: 259 creatures vanquished

Table legend:
 A = Non-vault XP
 B = Vault XP
 C = Vault XP percentage of total XP
 D = Non-vault monster count
 E = Vault monster count
 F = Vault count percentage of total count
                 A         B        C        D         E       F
            +---------+---------+-------+---------+---------+-------
      Total |   10321 |    2691 |  20.7 |     203 |      45 |  18.1
            +---------+---------+-------+---------+---------+-------
        D:1 |      29 |       0 |   0.0 |      18 |       0 |   0.0
        D:2 |      73 |       0 |   0.0 |      23 |       0 |   0.0
        D:3 |      89 |     211 |  70.3 |      25 |       6 |  19.4
        D:4 |     119 |       0 |   0.0 |      11 |       0 |   0.0
        D:5 |     624 |     172 |  21.6 |      19 |       1 |   5.0
        D:6 |     863 |      36 |   4.0 |      11 |       1 |   8.3
        D:7 |     587 |     409 |  41.1 |       9 |       1 |  10.0
        D:8 |     659 |       0 |   0.0 |      13 |       0 |   0.0
        D:9 |    1933 |     898 |  31.7 |      33 |       5 |  13.2
       D:10 |    2888 |       0 |   0.0 |      28 |       0 |   0.0
       D:11 |    2114 |     387 |  15.5 |      10 |       5 |  33.3
       D:12 |     343 |       0 |   0.0 |       3 |       0 |   0.0
     Bailey |       0 |     578 | 100.0 |       0 |      26 | 100.0
            +---------+---------+-------+---------+---------+-------

Illustrated notes

Table legend:
 A = Kills in this place as a percentage of kills in entire the game.
 B = Kills by you in this place as a percentage of kills by you in the entire game.
 C = Kills by friends in this place as a percentage of kills by friends in the entire game.
 D = Other kills in this place as a percentage of other kills in the entire game.
 E = Experience gained in this place as a percentage of experience gained in the entire game.
 F = Experience gained in this place divided by the number of levels of this place that you have seen.
                   A       B       C       D       E      F
               +-------+-------+-------+-------+-------+----------------------
         Total | 100.0 | 100.0 |   N/A |   N/A | 100.0 | 867.5
       Dungeon |  89.5 |  89.5 |   N/A |   N/A |  95.6 | 956.5
        Bailey |  10.5 |  10.5 |   N/A |   N/A |   4.4 | 578.0
               +-------+-------+-------+-------+-------+----------------------

Table legend: (Time is in decaauts)
 A = Elapsed time spent in this place.
 B = Non-inter-level travel time spent in this place.
 C = Inter-level travel time spent in this place.
 D = Time resting spent in this place.
 E = Time spent auto-exploring this place.
 F = Levels seen in this place.
 G = Mean time per level.
                   A        B        C        D        E       F      G
               +--------+--------+--------+--------+--------+-----+--------+
         Total |  10756 |  10487 |    269 |    464 |   8104 |  15 |  717.1 |
       Dungeon |   9920 |   9686 |    234 |    289 |   7716 |  13 |  763.1 |
        Temple |    255 |    220 |     35 |      0 |    199 |   1 |  255.0 |
        Bailey |    580 |    580 |      0 |    175 |    189 |   1 |  580.0 |
               +--------+--------+--------+--------+--------+-----+--------+

Top non-repeatable levels by time:
     D:5: 1272 daAuts
     D:9: 1200 daAuts
     D:3: 1083 daAuts
     D:6: 954 daAuts
     D:4: 947 daAuts
    D:10: 839 daAuts
     D:1: 789 daAuts
     D:7: 763 daAuts
     D:2: 733 daAuts
     D:8: 647 daAuts
  Bailey: 580 daAuts
    D:13: 338 daAuts
    D:11: 335 daAuts
  Temple: 255 daAuts
    D:12: 14 daAuts
